 Dungeon Crawl Stone Soup version 0.18-a0-1797-gc18daef (webtiles) character file.

235 macross the Covert (level 5, -2/26 HPs)
             Began as a Spriggan Assassin on Apr 22, 2016.
             Was a Follower of Dithmenos.
             Killed by divine providence
             ... invoked by an orc priest
              (13 damage)
             ... on level 4 of the Dungeon.
             The game lasted 00:10:02 (3108 turns).

macross the Covert (Spriggan Assassin)              Turns: 3108, Time: 00:10:02

Health: -2/26      AC:  4    Str:  7    XL:     5   Next: 76%
Magic:  6/6        EV: 21    Int: 13    God:    Dithmenos [*.....]
Gold:   231        SH:  0    Dex: 18    Spells: 0 memorised, 4 levels left

rFire  . . .     SeeInvis +     a - +2 dagger
rCold  . . .     Gourm    .     c - +0 robe
rNeg   . . .     Faith    .     (shield restricted)
rPois  +         Spirit   .     (helmet restricted)
rElec  .         Dismiss  .     d - +1 cloak
rCorr  .         Reflect  .     (gloves unavailable)
SustAt .         Harm     .     (boots unavailable)
MR     .....                    (no amulet)
Stlth  +++++.....               (no ring)
                                m - ring of poison resistance

@: wreathed by umbra, very quick, not resistant to hostile enchantments, quite
stealthy
A: unfitting armour, see invisible, herbivore 3, speed 3, slow metabolism 2
a: Renounce Religion


You were on level 4 of the Dungeon.
You worshipped Dithmenos.
Dithmenos was aware of your devotion.
You were not hungry.

You visited 2 branches of the dungeon, and saw 5 of its levels.

You collected 231 gold pieces.

Inventory:

Hand Weapons
 a - a +2 dagger (weapon)
 b - a +0 blowgun
Missiles
 e - 8 poisoned needles
 f - 2 curare-tipped needles
Armour
 c - a +0 robe (worn)
 d - a +1 cloak (worn)
Jewellery
 m - a ring of poison resistance (left hand)
Scrolls
 h - a scroll of remove curse
 o - a scroll of teleportation
 q - a scroll of amnesia {unknown}
 r - a scroll of noise {unknown}
 t - 2 scrolls of identify
 u - a scroll of fear {unknown}
 v - a scroll of enchant armour
Potions
 i - a potion of haste
 k - 2 potions of magic {unknown}
 l - a potion of curing
 n - a potion of brilliance
 s - a potion of degeneration {unknown}
 w - 2 potions of invisibility {unknown}
 z - a potion of berserk rage {unknown}
Books
 x - a book of the Warp

   Spells                             Type                      Level
   a - Recall                         Summoning/Translocation      3
   b - Gell's Gravitas                Hexes/Translocation          3
   c - Force Lance                    Conjuration/Translocation    4
   d - Warp Weapon                    Charms/Translocation         5
   e - Summon Forest                  Summoning/Translocation      5
Comestibles
 g - 5 bread rations
 j - 2 slices of pizza
 p - 3 fruits


   Skills:
 + Level 2.1 Fighting
 * Level 2.7 Short Blades
 - Level 2.0 Throwing
 * Level 5.7 Dodging
 * Level 8.0 Stealth


You had 4 spell levels left.
You didn't know any spells.

Dungeon Overview and Level Annotations

Branches:
Dungeon (4/15)             Temple (1/1) D:4

Altars:
Ashenzari
Cheibriados
Dithmenos
Elyvilon
Fedhas
Gozag
Nemelex Xobeh
Okawaru
Pakellas
Qazlal
Vehumet
Xom
The Shining One

Annotations:
D:3 Terence


Innate Abilities, Weirdness & Mutations

You are tiny and cannot use many weapons and most armour.
You have supernaturally acute eyesight.
You are a herbivore.
You cover ground extremely quickly.
You need consume almost no food.


Message History

You barely miss the orc priest.
The orc priest is moderately wounded.
The orc priest calls down the wrath of Beogh upon you.
Beogh smites you!
* * * LOW HITPOINT WARNING * * *
You hit the orc priest.
The orc priest is moderately wounded.
You start resting.
You now have 231 gold pieces (gained 10).
You start resting.
Found a bread ration.
A giant cockroach comes into view.
The helpless giant cockroach fails to defend itself.
You skewer the giant cockroach like a kebab!!!
You kill the giant cockroach!
Dithmenos accepts your kill.
The orc priest mumbles some strange prayers to Beogh against you.
Beogh smites you!
Ouch! That really hurt!
You die...

### #.## ## #..# ##.##
#..###...## ####.
#...##....# ....
#........# #..#
#.......##
#...###........#
##...#.......@..##
##.......o........#
..........#####...###.
###......## #....#..
####..## ###.......
####..####.......##
...#......#........##
.....................###
..%##......#...........##
#..


You could see an orc priest.

Vanquished Creatures
  A phantom (D:4)
  Jessica (D:3)
  6 adders
  An ooze (D:2)
  A worm (D:2)
  3 dart slugs
  A giant gecko (D:3)
  4 orcs
  A ball python (D:2)
  7 bats
  4 giant cockroaches
  8 goblins
  6 hobgoblins
  5 jackals (D:3)
  2 kobolds
  6 rats
57 creatures vanquished.

Notes
Turn   | Place    | Note
--------------------------------------------------------------
     0 | D:1      | macross the Spriggan Assassin began the quest for the Orb.
     0 | D:1      | Reached XP level 1. HP: 10/10 MP: 2/2
     6 | D:2      | Reached skill level 6 in Stealth
    38 | D:3      | Noticed Terence
    56 | D:4      | Found a staircase to the Ecumenical Temple.
    57 | D:4      | Noticed an iguana
    57 | D:4      | Noticed a worker ant
    67 | Temple   | Entered the Ecumenical Temple
   153 | Temple   | Became a worshipper of Dithmenos the Shadowed
   339 | D:1      | Reached XP level 2. HP: 12/15 MP: 3/3
  1057 | D:2      | Found a sparkling altar of Nemelex Xobeh.
  1079 | D:2      | Reached XP level 3. HP: 17/18 MP: 4/4
  2145 | D:2      | Reached XP level 4. HP: 14/23 MP: 5/5
  2152 | D:2      | Reached skill level 7 in Stealth
  2296 | D:2      | Reached * piety under Dithmenos
  2415 | D:3      | Noticed Jessica
  2422 | D:3      | Killed Jessica
  2500 | D:3      | Reached skill level 5 in Dodging
  2501 | D:3      | Reached XP level 5. HP: 18/26 MP: 6/6
  2745 | D:4      | Noticed a phantom
  2748 | D:4      | Killed a phantom
  2748 | D:4      | Reached skill level 8 in Stealth
  3108 | D:4      | Killed from afar by an orc priest

Vault maps used:
D:1:      dpeg_arrival_pits, minmay_box_of_dots
D:2:      old_standard_altar
D:3:      uniq_jessica, uniq_terence
D:4:      temple_pool_b, first_bread
Temple:   circular_temple_12

Skill      XL: |  1  2  3  4  5 |
---------------+----------------+-----
Stealth        | 6 7 8 |  8.0
Dodging        | 2 4 5 |  5.7
Fighting       | 2 |  2.1
Short Blades   | |  2.7
Throwing       | |  2.0

Action                   |  1- 3 |  4- 6 || total
-------------------------+-------+-------++-------
Melee: Dagger            |   144 |    93 ||   237
  Use: Potion            |       |     3 ||     3
       Scroll            |       |     3 ||     3
 Stab: Sleeping          |    10 |    10 ||    20
       Distracted        |     1 |       ||     1
  Eat: Fruit             |     2 |       ||     2
Armor: Robe              |    28 |     6 ||    34
Dodge: Dodged            |   153 |    77 ||   230
